Match 47332658
Unlisted

Match 47332658
End
Vickers Machine Gun Team
Construct Section Command Post
Infantry Section
Infantry Section
Selects Indian Artillery Battlegroup
Selects Towed ML 4.2-inch Heavy Mortar
Towed ML 4.2-inch Heavy Mortar
Construct Platoon Command Post
Humber Armored Car
Humber Armored Car
Royal Engineer Section
6-pounder Anti-tank Gun Team
Selects Off-map Airburst Barrage
6-pounder Anti-tank Gun Team
Construct Company Command Post
Matilda II Heavy Tank
Selects BL5.5 Artillery Emplacement
Infantry Section
Off-map Airburst Barrage
Patton's Femboy *Ovulating*
Ambro
먼치킨
RoninWolf
Unsafe
rooncasique
0
0

Comments sign in to comment!

No comments posted yet!